[Event "EU-ch 12th"]
[Site "Aix les Bains"]
[Date "2011.04.02"]
[Round "11"]
[White "Gozzoli, Yannick"]
[Black "Thorfinnsson, Bragi"]
[Result "1-0"]
[ECO "E13"]
[WhiteElo "2543"]
[BlackElo "2417"]
[Annotator "Marchand,A/Primel,D"]
[PlyCount "53"]
[EventDate "2011.03.22"]
[EventType "swiss"]
[EventRounds "11"]
[EventCountry "FRA"]
[SourceTitle "CBM 142 Extra"]
[Source "ChessBase"]
[SourceDate "2011.06.27"]
[SourceVersion "1"]
[SourceVersionDate "2011.06.27"]
[SourceQuality "1"]
[TimeControl "40/5400+30:1800+30"]

1. d4 Nf6 2. c4 e6 3. Nc3 Bb4 4. Nf3 b6 5. Bg5 Bb7 6. e3 h6 7. Bh4 g5 (7...
Bxc3+) 8. Bg3 Ne4 9. Qc2 Bxc3+ 10. bxc3 d6 (10... Nxg3 11. hxg3 Nc6 $132 12.
Nd2 Qe7 {[%cal Ge8c8] ;Langeweg,K (2455)-Karpov,A (2690)/Amsterdam 1981/0-1})
11. Bd3 (11. Nd2) 11... f5 12. d5 Nd7 (12... Na6 $1 13. Bxe4 fxe4 14. Qxe4 Qf6
15. O-O (15. Qxe6+ $143 Qxe6 16. dxe6 Nc5 17. h4 Ke7 $15 )
15... O-O-O (15... O-O 16. Rad1 Nc5 $11 {[%cal Gc5e6,Gc5e4] ;Wang Yue (2696)
-Alekseev,E (2689)/RUS-CHN Summit Men 4th 2007 (7)/1/2-1/2}) 16. Qxe6+ Qxe6 17.
dxe6 Bxf3 18. gxf3 Nc5 $44 {[%csl Gc5] ;Wang Yue (2689)-Adams,M (2729)/Baku
FIDE GP 2008 (8)/1/2-1/2}) 13. Nd4 ({RR} 13. Bxe4 fxe4 14. Qxe4
Qf6 15. O-O O-O-O 16. Qxe6 Qxe6 17. dxe6 Nc5 18. Nd4 Rde8 19. f3 Nxe6 20. e4 h5
21. h4 gxh4 22. Bxh4 Nf4 23. Bg3 Nd3 24. Rab1 Rhg8 25. Bh2 Ba6 26. Nf5 Ne5 27.
Bxe5 Rxe5 {Bacrot,E (2715)-Naiditsch,A (2623)/Noyon 2005/CBM 105 ext/1-0 (39)})
13... Ndc5 14. O-O (14. dxe6 Qf6 15. f3 f4 $13 16. Bxe4 Bxe4 17. fxe4 fxg3 18.
hxg3 O-O-O 19. Rf1 Qg6 20. e7 $36 Rde8 21. Nf5 Qe6 22. O-O-O Qxe4 {[%emt 0:33:
26] Peek,M (2367)-Greet,A (2439)/Hastings Masters op (3)/1/2-1/2} (22... Qxc4
$5)) (14. f3 Nxd3+ 15. Qxd3 Nc5 $132) 14... Qe7 $5 {Une idée récente} (14...
Qf6 {La grande ligne}) 15. f3 Nxg3 $6 $146 {L'idée de la nouveauté 14. Qe7
était de pouvoir jouer Nd3 au lieu de Ng3 et avec l'ordre de coups de la
partie, les Noirs vont perdre un tempo important en jouant Qe7f6 après Nf5} (
15... Nxd3 $142 16. Qxd3 Nc5 17. Qc2 O-O 18. dxe6 Qh7 $132 {[%cal Ga8e8,Gc5e6]
;Bacrot,E (2716)-Topalov,V (2803)/ Nanjing Pearl Spring 3rd 2010 (2)/1/2-1/2})
16. hxg3 exd5 17. Nxf5 $1 Qf6 {Perdant un tempo par rapport а la grande ligne
14. Qf6} (17... Qd7 $5 18. cxd5 (18. Nd4 $2 Nxd3 19. Qxd3 Ba6 20. Qg6+ Qf7 $17) 18... Bxd5 (18... O-O-O 19. e4 $16) 19. Nd4 Nxd3 20. Qxd3
O-O-O $132) 18. cxd5 $36 O-O-O 19. e4 $36 h5 20. Qd2 (20. a4
h4 21. a5 (21. g4) 21... hxg3 22. Nxg3 Qe5 (22... Qh6 23. axb6) 23. Nf5 Kb8 (
23... g4)) 20... h4 21. g4 Qe5 22. Bc2 Rdf8 (22... h3 23. g3 Rdf8 24. Qxg5 (24. a4 Rxf5 25. gxf5 Qxg3+ 26. Kh1 $13) 24... Qxc3) 23. Qd4 Qf4 $2
(23... Ba6 24. Qxe5 dxe5 25. Rfd1 Kd7 (25... h3 26. Ne7+) 26. a4 h3 27. Kh2 (
27. g3 Be2) 27... hxg2+ 28. Kxg2) 24. Ne7+ Kb8 25. Ng6 $18 Qg3 26. Nxh8 Ba6 27.
Ng6 1-0